[ PARTIDA AOE2 · #494238632 ]
UnrankedBritanos vs Vikings
[ ANÁLISIS DE REPETICIÓN · EXTRAÍDO DE LA PARTIDA GRABADA ]
Feudal
17:57
Castillos
24:51
Imperial
39:38
| APM promedio | 29.5 |
| APM pico | 98 |
| eAPM promedio | 13.8 |
| Aldeanos / militares | 130 / 112 |
Foco
⚔️ 34.4% · 🌾 65.6%
Spearman ×64 · Skirmisher ×44 · Fishing Ship ×12 · Battering Ram ×2 · Trebuchet (Packed) ×2
Feudal
16:53
Castillos
26:12
Imperial
56:44
| APM promedio | 28.0 |
| APM pico | 49 |
| eAPM promedio | 18.3 |
| Aldeanos / militares | 171 / 120 |
Foco
⚔️ 20.2% · 🌾 79.8%
Jaguar Warrior ×101 · Fishing Ship ×20 · Eagle Scout ×16 · Trebuchet (Packed) ×3
Feudal
17:50
Castillos
27:33
Imperial
43:11
| APM promedio | 24.7 |
| APM pico | 59 |
| eAPM promedio | 14.3 |
| Aldeanos / militares | 99 / 137 |
Foco
⚔️ 34.5% · 🌾 65.5%
Archer ×82 · Fishing Ship ×47 · Longboat ×17 · Spearman ×16 · Battering Ram ×14 · Cannon Galleon ×4
Feudal
14:51
Castillos
21:55
Imperial
40:44
| APM promedio | 12.7 |
| APM pico | 39 |
| eAPM promedio | 8.1 |
| Aldeanos / militares | 111 / 146 |
Foco
⚔️ 22.8% · 🌾 77.2%
Skirmisher ×90 · Spearman ×39 · Scorpion ×9 · Battle Elephant ×6 · Fishing Ship ×2 · Trebuchet (Packed) ×2
Feudal
15:37
Castillos
29:30
Imperial
51:30
| APM promedio | 19.1 |
| APM pico | 32 |
| eAPM promedio | 12.8 |
| Aldeanos / militares | 92 / 53 |
Foco
⚔️ 36.6% · 🌾 63.4%
Unknown (2582) ×145 · Unknown (2550) ×36 · Unknown (2579) ×24 · Petard ×20 · Fishing Ship ×18 · Scorpion ×14
Feudal
14:50
Castillos
20:01
Imperial
52:58
| APM promedio | 11.7 |
| APM pico | 26 |
| eAPM promedio | 6.8 |
| Aldeanos / militares | 82 / 177 |
Foco
⚔️ 38.7% · 🌾 61.3%
Knight ×136 · Militia ×37 · Spearman ×4
Feudal
16:52
Castillos
21:12
Imperial
42:30
| APM promedio | 31.8 |
| APM pico | 76 |
| eAPM promedio | 21.8 |
| Aldeanos / militares | 85 / 222 |
Foco
⚔️ 33.0% · 🌾 67.0%
Longbowman ×96 · Spearman ×50 · Fishing Ship ×36 · Scorpion ×26 · Militia ×23 · Knight ×12
Feudal
15:45
Castillos
32:57
Imperial
53:33
| APM promedio | 20.3 |
| APM pico | 50 |
| eAPM promedio | 14.1 |
| Aldeanos / militares | 128 / 498 |
Foco
⚔️ 42.6% · 🌾 57.4%
Serjeant ×365 · Skirmisher ×80 · Militia ×30 · Spearman ×16 · Scout Cavalry ×6 · Fishing Ship ×4
Mapa de la partida
Recursos iniciales + cada clic de construcción. Líneas = muros · curvas = relieve. ◆ oro · ⬟ piedra · ● bayas · ✦ reliquia · ◌ hueco del cierre
Tu base· Abierta — hueco de 15t
Base de juanibitel· Abierta — hueco de 6t
Base de vitavidal91· Abierta — flanco sin cerrar
Base de ElMelvin49· Abierta — hueco de 3t
Base de GuilleLeopold17· Abierta — hueco de 9t
Base de tatomagallanes· Abierta — flanco sin cerrar
Base de DeMoTiX· Abierta — flanco sin cerrar
Base de felipegarcia92· Abierta — flanco sin cerrar
Terreno inicial suavizado · ◌ = hueco del cierre detectado · pasá el cursor para detalles
Inputs por minuto
— LuizCz - - juanibitel
Build order — LuizCz
Primeras 150 de 433 acciones detectadas
| 2:03 | Construir | Town Center |
| 3:14 | Construir | Dock |
| 3:51 | Construir | House |
| 4:26 | Encolar | Villager (Male) |
| 4:27 | Encolar | Villager (Male) |
| 4:27 | Encolar | Villager (Male) |
| 4:27 | Encolar | Villager (Male) |
| 4:27 | Encolar | Villager (Male) |
| 4:35 | Investigar | Loom |
| 5:31 | Encolar | Fishing Ship |
| 6:10 | Encolar | Villager (Male) |
| 6:27 | Encolar | Fishing Ship |
| 7:07 | Encolar | Fishing Ship |
| 7:28 | Construir | House |
| 7:54 | Construir | House |
| 8:00 | Construir | House |
| 8:10 | Construir | Palisade Wall |
| 8:16 | Encolar | Villager (Male) |
| 8:16 | Encolar | Villager (Male) |
| 8:17 | Encolar | Villager (Male) |
| 8:32 | Encolar | Villager (Male) |
| 8:48 | Construir | Palisade Wall |
| 8:53 | Construir | Palisade Wall |
| 9:11 | Construir | House |
| 9:13 | Encolar | Villager (Male) |
| 9:34 | Encolar | Fishing Ship |
| 9:48 | Encolar | Villager (Male) |
| 9:48 | Encolar | Villager (Male) |
| 10:18 | Construir | House |
| 10:23 | Construir | Palisade Wall |
| 10:26 | Encolar | Villager (Male) |
| 10:26 | Encolar | Villager (Male) |
| 10:27 | Encolar | Villager (Male) |
| 10:31 | Encolar | Fishing Ship |
| 10:31 | Encolar | Fishing Ship |
| 10:52 | Encolar | Fishing Ship |
| 11:05 | Encolar | Fishing Ship |
| 11:42 | Encolar | Villager (Male) |
| 11:42 | Encolar | Villager (Male) |
| 11:42 | Encolar | Villager (Male) |
| 11:47 | Encolar | Fishing Ship |
| 11:48 | Encolar | Fishing Ship |
| 11:48 | Encolar | Fishing Ship |
| 12:09 | Construir | Palisade Wall |
| 12:13 | Construir | Palisade Wall |
| 12:21 | Construir | Palisade Gate |
| 12:33 | Encolar | Villager (Male) |
| 12:33 | Encolar | Villager (Male) |
| 12:34 | Encolar | Villager (Male) |
| 12:34 | Encolar | Villager (Male) |
| 12:51 | Encolar | Fishing Ship |
| 13:03 | Encolar | Villager (Male) |
| 13:35 | Construir | Mill |
| 14:41 | Construir | House |
| 14:42 | Construir | House |
| 14:44 | Construir | House |
| 14:45 | Construir | House |
| 14:50 | Encolar | Villager (Male) |
| 14:51 | Encolar | Villager (Male) |
| 14:53 | Encolar | Villager (Male) |
| 14:53 | Encolar | Villager (Male) |
| 15:47 | Investigar | Feudal Age |
| 16:14 | Construir | Mining Camp |
| 17:16 | Construir | Farm |
| 17:17 | Construir | Farm |
| 17:20 | Construir | Farm |
| 17:21 | Construir | Farm |
| 17:57 | Edad | Edad Feudal |
| 18:10 | Construir | Palisade Gate |
| 18:40 | Construir | Barracks |
| 18:44 | Encolar | Villager (Male) |
| 18:44 | Encolar | Villager (Male) |
| 18:44 | Encolar | Villager (Male) |
| 18:46 | Investigar | Wheelbarrow |
| 19:09 | Construir | Blacksmith |
| 19:14 | Construir | Farm |
| 19:15 | Construir | Farm |
| 19:16 | Construir | Farm |
| 20:10 | Construir | Lumber Camp |
| 20:18 | Construir | Palisade Wall |
| 21:31 | Construir | Archery Range |
| 22:03 | Construir | House |
| 22:04 | Construir | House |
| 22:11 | Investigar | Castle Age |
| 22:12 | Investigar | Castle Age |
| 22:17 | Investigar | Double-Bit Axe |
| 22:20 | Investigar | Gold Mining |
| 22:24 | Investigar | Stone Mining |
| 22:41 | Investigar | Horse Collar |
| 23:00 | Construir | Palisade Wall |
| 23:19 | Encolar | Skirmisher |
| 23:19 | Encolar | Skirmisher |
| 23:19 | Encolar | Skirmisher |
| 23:46 | Encolar | Villager (Male) |
| 24:06 | Construir | Archery Range |
| 24:28 | Construir | Palisade Wall |
| 24:51 | Edad | Edad de los Castillos |
| 25:05 | Construir | Mining Camp |
| 25:08 | Encolar | Villager (Male) |
| 25:08 | Encolar | Villager (Male) |
| 25:09 | Encolar | Villager (Male) |
| 25:23 | Construir | Town Center |
| 25:32 | Encolar | Villager (Male) |
| 25:34 | Investigar | Bow Saw |
| 26:28 | Encolar | Villager (Male) |
| 27:11 | Encolar | Villager (Male) |
| 27:35 | Encolar | Villager (Male) |
| 27:35 | Encolar | Villager (Male) |
| 27:43 | Construir | Farm |
| 27:45 | Construir | Farm |
| 27:47 | Construir | Farm |
| 27:48 | Construir | Farm |
| 27:53 | Investigar | Hand Cart |
| 28:22 | Construir | Siege Workshop |
| 28:30 | Construir | Siege Workshop |
| 28:31 | Encolar | Villager (Male) |
| 28:32 | Encolar | Villager (Male) |
| 28:32 | Encolar | Villager (Male) |
| 28:45 | Encolar | Villager (Male) |
| 28:45 | Encolar | Villager (Male) |
| 28:48 | Encolar | Villager (Male) |
| 28:48 | Encolar | Villager (Male) |
| 28:49 | Encolar | Villager (Male) |
| 28:52 | Investigar | Town Watch |
| 29:00 | Investigar | Elite Skirmisher (upgrade) |
| 29:00 | Investigar | Elite Skirmisher (upgrade) |
| 29:04 | Encolar | Skirmisher |
| 29:04 | Encolar | Skirmisher |
| 29:14 | Encolar | Villager (Male) |
| 29:15 | Encolar | Villager (Male) |
| 29:15 | Encolar | Villager (Male) |
| 29:16 | Encolar | Villager (Male) |
| 29:17 | Encolar | Villager (Male) |
| 29:17 | Encolar | Villager (Male) |
| 29:17 | Encolar | Villager (Male) |
| 29:17 | Encolar | Villager (Male) |
| 29:18 | Encolar | Villager (Male) |
| 29:19 | Encolar | Villager (Male) |
| 29:19 | Encolar | Villager (Male) |
| 29:19 | Encolar | Villager (Male) |
| 29:20 | Encolar | Villager (Male) |
| 29:20 | Encolar | Villager (Male) |
| 29:20 | Encolar | Villager (Male) |
| 29:20 | Encolar | Villager (Male) |
| 29:21 | Encolar | Villager (Male) |
| 29:42 | Encolar | Battering Ram |
| 29:51 | Encolar | Battering Ram |
| 30:01 | Construir | House |
| 30:01 | Construir | House |
| 30:01 | Construir | House |
Build order — juanibitel
Primeras 150 de 501 acciones detectadas
| 1:32 | Construir | Town Center |
| 2:53 | Construir | House |
| 2:55 | Construir | House |
| 3:41 | Encolar | Villager (Male) |
| 3:41 | Encolar | Villager (Male) |
| 3:42 | Encolar | Villager (Male) |
| 3:42 | Encolar | Villager (Male) |
| 3:42 | Encolar | Villager (Male) |
| 4:32 | Construir | Dock |
| 5:14 | Encolar | Villager (Male) |
| 5:14 | Encolar | Villager (Male) |
| 5:40 | Encolar | Villager (Male) |
| 6:12 | Investigar | Loom |
| 6:12 | Investigar | Loom |
| 6:15 | Encolar | Villager (Male) |
| 6:15 | Encolar | Villager (Male) |
| 6:26 | Encolar | Villager (Male) |
| 6:50 | Encolar | Villager (Male) |
| 6:50 | Encolar | Villager (Male) |
| 7:14 | Encolar | Villager (Male) |
| 7:14 | Encolar | Villager (Male) |
| 8:07 | Encolar | Villager (Male) |
| 8:07 | Encolar | Villager (Male) |
| 8:08 | Encolar | Villager (Male) |
| 8:12 | Construir | House |
| 9:01 | Encolar | Villager (Male) |
| 9:01 | Encolar | Villager (Male) |
| 9:02 | Encolar | Villager (Male) |
| 9:12 | Encolar | Fishing Ship |
| 9:12 | Encolar | Fishing Ship |
| 9:21 | Encolar | Villager (Male) |
| 9:21 | Encolar | Villager (Male) |
| 9:26 | Encolar | Villager (Male) |
| 9:48 | Construir | House |
| 10:05 | Encolar | Villager (Male) |
| 10:39 | Encolar | Villager (Male) |
| 10:39 | Encolar | Villager (Male) |
| 10:40 | Encolar | Villager (Male) |
| 10:56 | Construir | Lumber Camp |
| 10:59 | Encolar | Fishing Ship |
| 11:00 | Encolar | Fishing Ship |
| 11:07 | Construir | House |
| 11:21 | Encolar | Villager (Male) |
| 11:50 | Construir | Outpost |
| 11:58 | Encolar | Fishing Ship |
| 11:59 | Encolar | Fishing Ship |
| 12:29 | Construir | Outpost |
| 12:33 | Encolar | Villager (Male) |
| 12:34 | Encolar | Villager (Male) |
| 12:34 | Encolar | Villager (Male) |
| 12:34 | Encolar | Villager (Male) |
| 12:35 | Encolar | Villager (Male) |
| 12:49 | Construir | Mill |
| 13:14 | Construir | Outpost |
| 13:23 | Construir | House |
| 13:26 | Encolar | Fishing Ship |
| 13:50 | Construir | House |
| 13:54 | Construir | House |
| 14:05 | Encolar | Fishing Ship |
| 14:09 | Construir | House |
| 14:10 | Construir | House |
| 14:31 | Construir | Mining Camp |
| 14:35 | Investigar | Feudal Age |
| 14:54 | Encolar | Fishing Ship |
| 14:54 | Encolar | Fishing Ship |
| 15:35 | Construir | Outpost |
| 15:47 | Construir | Mining Camp |
| 16:00 | Construir | Dock |
| 16:04 | Encolar | Villager (Male) |
| 16:05 | Encolar | Villager (Male) |
| 16:05 | Encolar | Villager (Male) |
| 16:45 | Construir | Barracks |
| 16:53 | Edad | Edad Feudal |
| 17:01 | Construir | Watch Tower |
| 17:10 | Encolar | Fishing Ship |
| 17:10 | Encolar | Fishing Ship |
| 17:16 | Encolar | Fishing Ship |
| 17:22 | Construir | Outpost |
| 17:42 | Construir | House |
| 17:47 | Construir | House |
| 18:19 | Encolar | Villager (Male) |
| 18:19 | Encolar | Villager (Male) |
| 18:19 | Encolar | Villager (Male) |
| 18:28 | Construir | Barracks |
| 18:46 | Construir | Watch Tower |
| 19:17 | Construir | House |
| 19:25 | Construir | House |
| 19:44 | Construir | Barracks |
| 19:49 | Encolar | Villager (Male) |
| 19:50 | Encolar | Villager (Male) |
| 19:50 | Encolar | Villager (Male) |
| 19:50 | Encolar | Villager (Male) |
| 19:57 | Encolar | Fishing Ship |
| 19:58 | Encolar | Fishing Ship |
| 19:58 | Encolar | Fishing Ship |
| 19:59 | Encolar | Fishing Ship |
| 20:46 | Construir | Market |
| 20:51 | Construir | House |
| 21:02 | Construir | House |
| 21:11 | Construir | Stone Wall |
| 21:21 | Construir | House |
| 21:46 | Construir | Stone Wall |
| 22:08 | Encolar | Eagle Scout |
| 22:09 | Encolar | Eagle Scout |
| 22:09 | Encolar | Eagle Scout |
| 22:10 | Encolar | Eagle Scout |
| 22:10 | Encolar | Eagle Scout |
| 22:10 | Encolar | Eagle Scout |
| 22:10 | Encolar | Eagle Scout |
| 22:41 | Construir | Blacksmith |
| 23:32 | Investigar | Castle Age |
| 23:43 | Investigar | Forging |
| 24:09 | Investigar | Scale Mail Armor |
| 24:13 | Encolar | Eagle Scout |
| 24:38 | Encolar | Eagle Scout |
| 24:38 | Encolar | Eagle Scout |
| 24:38 | Encolar | Eagle Scout |
| 25:14 | Encolar | Eagle Scout |
| 25:15 | Encolar | Eagle Scout |
| 25:40 | Encolar | Villager (Male) |
| 25:41 | Encolar | Villager (Male) |
| 25:41 | Encolar | Villager (Male) |
| 26:12 | Edad | Edad de los Castillos |
| 26:13 | Investigar | Eagle Warrior (upgrade) |
| 26:40 | Construir | Market |
| 26:43 | Construir | Farm |
| 26:49 | Construir | Town Center |
| 26:53 | Encolar | Villager (Male) |
| 26:53 | Encolar | Villager (Male) |
| 27:43 | Encolar | Eagle Scout |
| 27:43 | Encolar | Eagle Scout |
| 27:48 | Construir | Farm |
| 27:54 | Construir | Farm |
| 27:56 | Construir | Farm |
| 27:56 | Construir | Farm |
| 28:36 | Construir | Town Center |
| 29:08 | Encolar | Villager (Male) |
| 29:08 | Encolar | Villager (Male) |
| 29:09 | Encolar | Villager (Male) |
| 29:09 | Encolar | Villager (Male) |
| 29:21 | Construir | Town Center |
| 29:31 | Encolar | Eagle Scout |
| 30:19 | Construir | Farm |
| 31:34 | Investigar | Town Watch |
| 31:50 | Construir | Dock |
| 32:18 | Encolar | Villager (Male) |
| 32:19 | Encolar | Villager (Male) |
| 32:32 | Encolar | Villager (Male) |
| 32:32 | Encolar | Villager (Male) |
| 32:40 | Encolar | Fishing Ship |
Build order — vitavidal91
Primeras 150 de 458 acciones detectadas
| 0:19 | Construir | Town Center |
| 1:43 | Construir | Town Center |
| 3:48 | Encolar | Villager (Male) |
| 3:57 | Construir | House |
| 4:03 | Encolar | Villager (Male) |
| 4:31 | Encolar | Villager (Male) |
| 4:58 | Encolar | Villager (Male) |
| 5:33 | Encolar | Villager (Male) |
| 5:49 | Encolar | Villager (Male) |
| 6:17 | Encolar | Villager (Male) |
| 6:28 | Construir | House |
| 6:52 | Encolar | Villager (Male) |
| 7:20 | Encolar | Villager (Male) |
| 7:41 | Encolar | Villager (Male) |
| 8:03 | Investigar | Loom |
| 8:41 | Encolar | Villager (Male) |
| 8:53 | Construir | Dock |
| 9:08 | Encolar | Villager (Male) |
| 9:42 | Encolar | Villager (Male) |
| 9:50 | Construir | House |
| 9:51 | Construir | House |
| 9:54 | Encolar | Villager (Male) |
| 10:23 | Encolar | Villager (Male) |
| 10:42 | Encolar | Fishing Ship |
| 10:43 | Encolar | Fishing Ship |
| 11:24 | Encolar | Villager (Male) |
| 11:41 | Encolar | Villager (Male) |
| 11:59 | Construir | House |
| 12:04 | Construir | House |
| 12:08 | Construir | House |
| 12:09 | Construir | House |
| 12:21 | Encolar | Villager (Male) |
| 12:22 | Encolar | Villager (Male) |
| 12:28 | Encolar | Fishing Ship |
| 12:28 | Encolar | Fishing Ship |
| 13:19 | Encolar | Villager (Male) |
| 13:20 | Encolar | Villager (Male) |
| 13:39 | Encolar | Villager (Male) |
| 13:49 | Encolar | Fishing Ship |
| 13:50 | Encolar | Fishing Ship |
| 14:10 | Construir | House |
| 14:12 | Construir | House |
| 14:13 | Construir | House |
| 14:15 | Construir | House |
| 14:24 | Construir | House |
| 14:25 | Construir | House |
| 14:29 | Encolar | Villager (Male) |
| 14:35 | Encolar | Fishing Ship |
| 15:01 | Encolar | Villager (Male) |
| 15:07 | Construir | Mill |
| 15:40 | Investigar | Feudal Age |
| 15:45 | Construir | Lumber Camp |
| 16:19 | Construir | Barracks |
| 16:33 | Construir | House |
| 16:35 | Construir | House |
| 16:41 | Encolar | Fishing Ship |
| 16:41 | Encolar | Fishing Ship |
| 17:03 | Construir | Dock |
| 17:05 | Encolar | Villager (Male) |
| 17:18 | Construir | House |
| 17:25 | Construir | House |
| 17:32 | Encolar | Villager (Male) |
| 17:36 | Construir | House |
| 17:39 | Construir | House |
| 17:42 | Construir | House |
| 17:44 | Encolar | Villager (Male) |
| 17:50 | Edad | Edad Feudal |
| 17:53 | Construir | Mining Camp |
| 17:55 | Encolar | Villager (Male) |
| 18:03 | Encolar | Villager (Male) |
| 18:09 | Construir | Archery Range |
| 18:44 | Encolar | Villager (Male) |
| 18:44 | Encolar | Villager (Male) |
| 18:52 | Encolar | Fishing Ship |
| 18:52 | Encolar | Fishing Ship |
| 18:52 | Encolar | Fishing Ship |
| 18:53 | Encolar | Fishing Ship |
| 18:55 | Encolar | Villager (Male) |
| 19:14 | Construir | Watch Tower |
| 19:34 | Encolar | Villager (Male) |
| 19:37 | Encolar | Skirmisher |
| 19:40 | Encolar | Archer |
| 19:40 | Encolar | Archer |
| 19:50 | Construir | Stone Wall |
| 19:55 | Construir | Stone Wall |
| 20:21 | Encolar | Archer |
| 20:39 | Construir | Archery Range |
| 20:43 | Encolar | Archer |
| 21:06 | Encolar | Fishing Ship |
| 21:06 | Encolar | Fishing Ship |
| 21:07 | Encolar | Fishing Ship |
| 21:07 | Encolar | Fishing Ship |
| 21:08 | Encolar | Fishing Ship |
| 21:09 | Encolar | Fishing Ship |
| 21:21 | Encolar | Archer |
| 21:37 | Encolar | Villager (Male) |
| 21:50 | Construir | Dock |
| 22:01 | Encolar | Villager (Male) |
| 22:09 | Encolar | Archer |
| 22:19 | Construir | Blacksmith |
| 22:27 | Construir | Market |
| 22:31 | Construir | Lumber Camp |
| 22:32 | Encolar | Villager (Male) |
| 22:32 | Encolar | Villager (Male) |
| 22:38 | Encolar | Fishing Ship |
| 22:38 | Encolar | Fishing Ship |
| 22:42 | Investigar | Tech 906 |
| 23:02 | Investigar | Double-Bit Axe |
| 23:18 | Encolar | Villager (Male) |
| 23:24 | Construir | Lumber Camp |
| 23:30 | Investigar | Fletching |
| 23:36 | Encolar | Archer |
| 23:37 | Encolar | Archer |
| 23:55 | Construir | Dock |
| 23:57 | Encolar | Villager (Male) |
| 23:57 | Encolar | Villager (Male) |
| 24:50 | Encolar | Villager (Male) |
| 24:51 | Encolar | Villager (Male) |
| 24:53 | Investigar | Castle Age |
| 24:56 | Encolar | Archer |
| 25:34 | Encolar | Spearman |
| 25:34 | Encolar | Spearman |
| 25:34 | Encolar | Spearman |
| 25:34 | Encolar | Spearman |
| 25:38 | Construir | Barracks |
| 25:50 | Construir | Barracks |
| 25:54 | Construir | Barracks |
| 26:02 | Encolar | Spearman |
| 26:02 | Encolar | Spearman |
| 26:16 | Encolar | Spearman |
| 26:24 | Encolar | Spearman |
| 26:32 | Construir | Barracks |
| 26:37 | Encolar | Spearman |
| 26:37 | Encolar | Spearman |
| 26:38 | Encolar | Spearman |
| 26:38 | Encolar | Spearman |
| 26:38 | Encolar | Spearman |
| 26:53 | Encolar | Villager (Male) |
| 26:53 | Encolar | Villager (Male) |
| 27:10 | Encolar | Spearman |
| 27:10 | Encolar | Spearman |
| 27:10 | Encolar | Spearman |
| 27:25 | Construir | Lumber Camp |
| 27:33 | Edad | Edad de los Castillos |
| 27:34 | Encolar | Villager (Male) |
| 27:35 | Encolar | Villager (Male) |
| 27:48 | Construir | Lumber Camp |
| 28:15 | Construir | Dock |
| 28:40 | Encolar | Villager (Male) |
| 28:40 | Encolar | Villager (Male) |
Build order — ElMelvin49
Primeras 150 de 279 acciones detectadas
| 0:25 | Construir | Town Center |
| 2:09 | Construir | House |
| 2:11 | Construir | House |
| 2:12 | Construir | House |
| 2:38 | Encolar | Villager (Male) |
| 2:39 | Encolar | Villager (Male) |
| 3:19 | Encolar | Villager (Male) |
| 3:20 | Encolar | Villager (Male) |
| 3:27 | Construir | House |
| 4:01 | Construir | Mill |
| 4:08 | Investigar | Loom |
| 4:11 | Encolar | Villager (Male) |
| 5:03 | Encolar | Villager (Male) |
| 5:26 | Encolar | Villager (Male) |
| 6:07 | Encolar | Villager (Male) |
| 6:24 | Encolar | Villager (Male) |
| 6:25 | Encolar | Villager (Male) |
| 6:52 | Encolar | Villager (Male) |
| 6:52 | Encolar | Villager (Male) |
| 7:29 | Encolar | Villager (Male) |
| 7:48 | Encolar | Villager (Male) |
| 8:11 | Encolar | Villager (Male) |
| 8:11 | Encolar | Villager (Male) |
| 8:11 | Encolar | Villager (Male) |
| 8:12 | Encolar | Villager (Male) |
| 9:19 | Construir | Lumber Camp |
| 9:21 | Encolar | Villager (Male) |
| 9:35 | Encolar | Villager (Male) |
| 9:36 | Encolar | Villager (Male) |
| 10:01 | Construir | House |
| 10:13 | Construir | Palisade Wall |
| 10:59 | Encolar | Villager (Male) |
| 11:27 | Construir | Barracks |
| 11:35 | Construir | House |
| 11:47 | Construir | Palisade Gate |
| 12:11 | Construir | Dock |
| 12:18 | Encolar | Villager (Male) |
| 12:19 | Encolar | Villager (Male) |
| 12:30 | Encolar | Villager (Male) |
| 12:55 | Construir | Mining Camp |
| 13:07 | Construir | Mining Camp |
| 13:14 | Investigar | Feudal Age |
| 14:03 | Construir | House |
| 14:09 | Encolar | Fishing Ship |
| 14:10 | Encolar | Fishing Ship |
| 14:38 | Construir | House |
| 14:51 | Edad | Edad Feudal |
| 14:53 | Encolar | Villager (Male) |
| 15:01 | Construir | Stable |
| 15:07 | Encolar | Villager (Male) |
| 15:16 | Investigar | Double-Bit Axe |
| 15:23 | Encolar | Villager (Male) |
| 15:54 | Construir | Blacksmith |
| 16:00 | Encolar | Villager (Male) |
| 16:11 | Construir | Stone Wall |
| 16:15 | Encolar | Villager (Male) |
| 16:28 | Construir | Farm |
| 16:29 | Construir | Farm |
| 16:29 | Construir | Farm |
| 16:31 | Construir | Farm |
| 16:39 | Encolar | Villager (Male) |
| 16:56 | Encolar | Villager (Male) |
| 17:04 | Construir | Farm |
| 17:04 | Construir | Farm |
| 17:04 | Construir | Farm |
| 17:05 | Construir | Farm |
| 17:15 | Construir | Stable |
| 17:26 | Encolar | Villager (Male) |
| 17:38 | Construir | Mill |
| 17:43 | Encolar | Villager (Male) |
| 17:55 | Encolar | Villager (Male) |
| 18:20 | Construir | Farm |
| 18:20 | Construir | Farm |
| 18:20 | Construir | Farm |
| 18:24 | Encolar | Villager (Male) |
| 18:37 | Encolar | Villager (Male) |
| 18:44 | Construir | House |
| 18:46 | Construir | House |
| 18:54 | Construir | Farm |
| 18:55 | Construir | Farm |
| 18:56 | Construir | Farm |
| 19:11 | Construir | Farm |
| 19:23 | Construir | Farm |
| 19:37 | Construir | House |
| 19:43 | Encolar | Villager (Male) |
| 19:49 | Construir | Farm |
| 19:56 | Construir | Palisade Wall |
| 20:10 | Construir | Farm |
| 20:12 | Investigar | Castle Age |
| 20:27 | Construir | House |
| 20:38 | Investigar | Gold Mining |
| 20:49 | Construir | Farm |
| 21:05 | Investigar | Scale Barding Armor |
| 21:18 | Investigar | Forging |
| 21:52 | Encolar | Villager (Male) |
| 21:55 | Edad | Edad de los Castillos |
| 21:57 | Encolar | Battle Elephant ×3 |
| 22:12 | Encolar | Villager (Male) |
| 22:41 | Encolar | Battle Elephant ×3 |
| 23:02 | Construir | Town Center |
| 24:47 | Investigar | Fletching |
| 25:29 | Investigar | Iron Casting |
| 26:17 | Encolar | Villager (Male) |
| 26:17 | Encolar | Villager (Male) |
| 26:27 | Encolar | Villager (Male) |
| 26:27 | Encolar | Villager (Male) |
| 26:45 | Encolar | Spearman ×2 |
| 27:17 | Encolar | Villager (Male) |
| 27:17 | Encolar | Villager (Male) |
| 27:27 | Encolar | Spearman ×3 |
| 27:41 | Construir | Castle |
| 29:22 | Investigar | Pikeman (upgrade) |
| 29:46 | Construir | Castle |
| 30:42 | Encolar | Spearman |
| 30:42 | Encolar | Spearman |
| 30:42 | Encolar | Spearman |
| 30:43 | Encolar | Spearman |
| 30:47 | Construir | Farm |
| 30:47 | Construir | Farm |
| 30:48 | Construir | Farm |
| 30:48 | Construir | Farm |
| 30:49 | Construir | Farm |
| 30:49 | Construir | Farm |
| 30:50 | Construir | Farm |
| 30:50 | Construir | Farm |
| 31:41 | Encolar | Villager (Male) |
| 31:41 | Encolar | Villager (Male) |
| 31:41 | Encolar | Villager (Male) |
| 31:41 | Encolar | Villager (Male) |
| 32:18 | Encolar | Villager (Male) |
| 32:18 | Encolar | Villager (Male) |
| 32:18 | Encolar | Villager (Male) |
| 32:18 | Encolar | Villager (Male) |
| 32:25 | Construir | Lumber Camp |
| 32:44 | Construir | Farm |
| 33:13 | Construir | Farm |
| 33:17 | Encolar | Villager (Male) ×4 |
| 33:31 | Construir | Farm |
| 33:31 | Construir | Farm |
| 34:12 | Investigar | Wheelbarrow |
| 34:24 | Construir | Town Center |
| 34:27 | Encolar | Villager (Male) ×3 |
| 34:33 | Construir | Farm |
| 35:00 | Investigar | Squires |
| 35:18 | Encolar | Villager (Male) ×4 |
| 36:03 | Construir | Archery Range |
| 36:07 | Encolar | Villager (Male) |
| 36:07 | Encolar | Villager (Male) |
| 36:07 | Encolar | Villager (Male) |
| 36:07 | Encolar | Villager (Male) |
Build order — GuilleLeopold17
Primeras 150 de 370 acciones detectadas
| 1:35 | Construir | Town Center |
| 3:24 | Construir | Dock |
| 3:28 | Construir | House |
| 3:56 | Encolar | Villager (Male) |
| 3:57 | Encolar | Villager (Male) |
| 3:57 | Encolar | Villager (Male) |
| 3:57 | Encolar | Villager (Male) |
| 3:57 | Encolar | Villager (Male) |
| 3:58 | Encolar | Villager (Male) |
| 5:13 | Encolar | Villager (Male) |
| 5:23 | Encolar | Fishing Ship |
| 5:32 | Encolar | Villager (Male) |
| 5:33 | Encolar | Villager (Male) |
| 6:02 | Encolar | Villager (Male) |
| 6:02 | Encolar | Villager (Male) |
| 6:20 | Construir | House |
| 6:24 | Construir | House |
| 6:34 | Investigar | Loom |
| 6:44 | Encolar | Villager (Male) |
| 6:44 | Encolar | Villager (Male) |
| 6:45 | Encolar | Villager (Male) |
| 7:20 | Construir | Outpost |
| 7:35 | Encolar | Villager (Male) |
| 7:53 | Encolar | Fishing Ship |
| 7:53 | Encolar | Fishing Ship |
| 7:53 | Encolar | Fishing Ship |
| 8:07 | Construir | Outpost |
| 8:11 | Encolar | Villager (Male) |
| 8:11 | Encolar | Villager (Male) |
| 8:11 | Encolar | Villager (Male) |
| 8:42 | Encolar | Villager (Male) |
| 8:43 | Encolar | Villager (Male) |
| 8:43 | Encolar | Villager (Male) |
| 8:51 | Encolar | Fishing Ship |
| 9:10 | Encolar | Villager (Male) |
| 9:10 | Encolar | Villager (Male) |
| 9:17 | Construir | Settlement |
| 9:27 | Construir | Settlement |
| 9:33 | Encolar | Villager (Male) |
| 9:33 | Encolar | Villager (Male) |
| 9:45 | Construir | House |
| 9:46 | Construir | House |
| 10:05 | Encolar | Villager (Male) |
| 10:05 | Encolar | Villager (Male) |
| 10:05 | Encolar | Villager (Male) |
| 10:34 | Encolar | Fishing Ship |
| 10:35 | Encolar | Fishing Ship |
| 10:47 | Encolar | Villager (Male) |
| 10:47 | Encolar | Villager (Male) |
| 10:47 | Encolar | Villager (Male) |
| 11:47 | Construir | Barracks |
| 11:52 | Encolar | Villager (Male) |
| 12:47 | Construir | Settlement |
| 13:06 | Encolar | Fishing Ship |
| 13:27 | Investigar | Feudal Age |
| 13:27 | Investigar | Feudal Age |
| 13:37 | Construir | Outpost |
| 13:58 | Encolar | Fishing Ship |
| 13:58 | Encolar | Fishing Ship |
| 14:17 | Encolar | Unit 2550 |
| 14:17 | Encolar | Unit 2550 |
| 14:17 | Encolar | Unit 2550 |
| 14:18 | Encolar | Unit 2550 |
| 14:40 | Construir | Barracks |
| 14:50 | Encolar | Unit 2550 |
| 15:03 | Encolar | Fishing Ship |
| 15:22 | Encolar | Villager (Male) |
| 15:22 | Encolar | Villager (Male) |
| 15:37 | Edad | Edad Feudal |
| 15:38 | Construir | Farm |
| 15:39 | Construir | Farm |
| 15:41 | Encolar | Villager (Male) |
| 15:41 | Encolar | Villager (Male) |
| 15:44 | Investigar | Tech 1402 |
| 15:46 | Encolar | Unit 2550 |
| 15:47 | Encolar | Unit 2550 |
| 15:47 | Encolar | Unit 2550 |
| 15:57 | Investigar | Double-Bit Axe |
| 16:43 | Encolar | Unit 2550 ×2 |
| 16:43 | Encolar | Unit 2550 ×2 |
| 16:50 | Construir | House |
| 16:51 | Construir | House |
| 16:59 | Encolar | Villager (Male) |
| 17:00 | Encolar | Villager (Male) |
| 17:12 | Construir | Settlement |
| 17:19 | Investigar | Arson |
| 18:38 | Encolar | Unit 2550 ×2 |
| 18:38 | Encolar | Unit 2550 ×2 |
| 18:58 | Construir | Farm |
| 18:59 | Construir | Farm |
| 19:11 | Encolar | Unit 2550 ×2 |
| 19:11 | Encolar | Unit 2550 ×2 |
| 19:29 | Encolar | Villager (Male) |
| 19:29 | Encolar | Villager (Male) |
| 19:29 | Encolar | Villager (Male) |
| 19:44 | Construir | Dock |
| 20:15 | Construir | Blacksmith |
| 20:18 | Encolar | Villager (Male) |
| 20:50 | Investigar | Tech 906 |
| 20:50 | Encolar | Fishing Ship |
| 20:51 | Encolar | Fishing Ship |
| 20:59 | Encolar | Fishing Ship |
| 21:00 | Encolar | Fishing Ship |
| 21:26 | Encolar | Unit 2550 |
| 21:26 | Encolar | Unit 2550 |
| 21:26 | Encolar | Unit 2550 |
| 21:26 | Encolar | Unit 2550 |
| 21:26 | Encolar | Unit 2550 |
| 22:40 | Construir | Settlement |
| 22:44 | Encolar | Villager (Male) |
| 22:44 | Encolar | Villager (Male) |
| 22:52 | Construir | House |
| 22:52 | Construir | House |
| 23:04 | Encolar | Fire Galley |
| 23:04 | Encolar | Fire Galley |
| 23:14 | Investigar | Forging |
| 23:15 | Investigar | Scale Mail Armor |
| 23:26 | Construir | House |
| 23:35 | Encolar | Unit 2550 |
| 23:35 | Encolar | Unit 2550 |
| 23:35 | Encolar | Unit 2550 |
| 23:43 | Encolar | Fishing Ship |
| 23:48 | Encolar | Fishing Ship |
| 23:49 | Encolar | Fishing Ship |
| 24:31 | Construir | Settlement |
| 25:13 | Construir | Market |
| 26:16 | Encolar | Spearman |
| 26:16 | Encolar | Spearman |
| 26:16 | Encolar | Spearman |
| 26:17 | Encolar | Spearman |
| 26:17 | Encolar | Spearman |
| 26:18 | Encolar | Spearman |
| 26:18 | Encolar | Spearman |
| 26:50 | Investigar | Castle Age |
| 27:04 | Construir | House |
| 27:04 | Construir | House |
| 27:04 | Construir | House |
| 27:07 | Encolar | Spearman |
| 27:07 | Encolar | Spearman |
| 27:08 | Encolar | Spearman |
| 28:37 | Construir | Archery Range |
| 28:40 | Construir | Archery Range |
| 29:30 | Edad | Edad de los Castillos |
| 29:35 | Construir | Siege Workshop |
| 29:40 | Encolar | Villager (Male) |
| 29:40 | Encolar | Villager (Male) |
| 29:41 | Encolar | Villager (Male) |
| 29:41 | Encolar | Villager (Male) |
| 29:53 | Construir | Town Center |
| 30:08 | Encolar | Scorpion |
Build order — tatomagallanes
Primeras 150 de 289 acciones detectadas
| 1:25 | Construir | Town Center |
| 3:24 | Encolar | Villager (Male) |
| 3:24 | Encolar | Villager (Male) |
| 4:10 | Encolar | Villager (Male) |
| 4:30 | Encolar | Villager (Male) |
| 5:09 | Encolar | Villager (Male) |
| 5:32 | Investigar | Loom |
| 5:38 | Encolar | Villager (Male) |
| 6:28 | Encolar | Villager (Male) |
| 7:04 | Encolar | Villager (Male) |
| 7:14 | Encolar | Villager (Male) |
| 7:26 | Encolar | Villager (Male) |
| 7:42 | Construir | Mill |
| 8:01 | Encolar | Villager (Male) |
| 8:52 | Encolar | Villager (Male) |
| 9:03 | Encolar | Villager (Male) |
| 9:49 | Encolar | Villager (Male) |
| 9:58 | Encolar | Villager (Male) |
| 10:29 | Construir | Lumber Camp |
| 10:32 | Encolar | Villager (Male) |
| 10:55 | Encolar | Villager (Male) |
| 11:15 | Encolar | Villager (Male) |
| 12:07 | Construir | Mill |
| 12:40 | Investigar | Feudal Age |
| 12:40 | Investigar | Feudal Age |
| 13:43 | Construir | Barracks |
| 14:50 | Edad | Edad Feudal |
| 14:56 | Construir | Stable |
| 15:11 | Construir | Blacksmith |
| 15:23 | Encolar | Villager (Male) |
| 15:24 | Encolar | Villager (Male) |
| 16:10 | Construir | Stable |
| 17:21 | Investigar | Castle Age |
| 17:21 | Investigar | Castle Age |
| 17:33 | Construir | Farm |
| 17:34 | Construir | Farm |
| 17:36 | Construir | Farm |
| 19:01 | Investigar | Scale Barding Armor |
| 19:09 | Construir | Farm |
| 19:11 | Construir | Farm |
| 19:23 | Construir | Farm |
| 19:32 | Construir | Farm |
| 20:01 | Edad | Edad de los Castillos |
| 20:03 | Encolar | Knight |
| 20:07 | Encolar | Knight |
| 20:38 | Construir | Town Center |
| 20:43 | Encolar | Knight |
| 20:46 | Encolar | Knight |
| 21:10 | Construir | Farm |
| 22:25 | Encolar | Knight |
| 22:27 | Encolar | Knight |
| 22:29 | Encolar | Villager (Male) |
| 22:29 | Encolar | Villager (Male) |
| 22:33 | Encolar | Villager (Male) |
| 24:19 | Encolar | Spearman |
| 24:19 | Encolar | Spearman |
| 24:20 | Encolar | Spearman |
| 25:15 | Encolar | Spearman |
| 25:18 | Encolar | Knight |
| 25:18 | Encolar | Knight |
| 25:19 | Encolar | Knight |
| 25:53 | Encolar | Villager (Male) |
| 25:53 | Encolar | Villager (Male) |
| 25:56 | Encolar | Villager (Male) |
| 25:57 | Encolar | Villager (Male) |
| 26:32 | Encolar | Villager (Male) |
| 26:50 | Encolar | Knight |
| 27:22 | Construir | Mill |
| 27:32 | Construir | Farm |
| 27:32 | Construir | Farm |
| 27:33 | Construir | Farm |
| 27:36 | Construir | Farm |
| 29:25 | Encolar | Knight |
| 29:28 | Encolar | Knight |
| 29:36 | Encolar | Villager (Male) |
| 29:36 | Encolar | Villager (Male) |
| 29:39 | Encolar | Villager (Male) |
| 29:39 | Encolar | Villager (Male) |
| 29:48 | Construir | Farm |
| 29:49 | Construir | Farm |
| 29:51 | Construir | Farm |
| 30:52 | Encolar | Villager (Male) |
| 30:53 | Encolar | Villager (Male) |
| 30:58 | Encolar | Villager (Male) |
| 30:58 | Encolar | Villager (Male) |
| 32:57 | Encolar | Villager (Male) |
| 32:57 | Encolar | Villager (Male) |
| 33:11 | Construir | Farm |
| 33:15 | Construir | Farm |
| 33:15 | Construir | Farm |
| 33:17 | Construir | Farm |
| 33:24 | Encolar | Villager (Male) |
| 33:24 | Encolar | Villager (Male) |
| 33:27 | Encolar | Villager (Male) |
| 33:28 | Encolar | Villager (Male) |
| 33:41 | Investigar | Husbandry |
| 33:44 | Investigar | Bloodlines |
| 33:52 | Investigar | Chain Barding Armor |
| 34:08 | Construir | Farm |
| 34:22 | Encolar | Knight |
| 34:23 | Encolar | Knight |
| 34:23 | Encolar | Knight |
| 34:35 | Encolar | Villager (Male) |
| 34:35 | Encolar | Villager (Male) |
| 34:47 | Construir | Farm |
| 34:55 | Construir | Farm |
| 35:05 | Encolar | Knight |
| 35:07 | Encolar | Knight |
| 35:08 | Encolar | Knight |
| 35:13 | Encolar | Villager (Male) |
| 35:19 | Construir | Farm |
| 35:42 | Encolar | Militia |
| 35:56 | Construir | Barracks |
| 36:11 | Investigar | Man-at-Arms (upgrade) |
| 36:31 | Encolar | Militia |
| 36:40 | Encolar | Militia |
| 36:57 | Encolar | Militia |
| 36:58 | Encolar | Militia |
| 37:32 | Encolar | Militia |
| 37:33 | Encolar | Militia |
| 38:11 | Encolar | Villager (Male) |
| 38:11 | Encolar | Villager (Male) |
| 38:12 | Encolar | Villager (Male) |
| 38:16 | Encolar | Villager (Male) |
| 38:16 | Encolar | Villager (Male) |
| 38:16 | Encolar | Villager (Male) |
| 38:24 | Encolar | Knight |
| 38:24 | Encolar | Knight |
| 39:11 | Encolar | Knight |
| 39:17 | Encolar | Militia |
| 39:22 | Encolar | Militia |
| 39:45 | Encolar | Villager (Male) |
| 39:45 | Encolar | Villager (Male) |
| 39:49 | Encolar | Villager (Male) |
| 39:49 | Encolar | Villager (Male) |
| 40:13 | Construir | Town Center |
| 40:19 | Encolar | Villager (Male) |
| 40:22 | Investigar | Wheelbarrow |
| 40:34 | Investigar | Long Swordsman (upgrade) |
| 40:37 | Encolar | Militia |
| 40:38 | Encolar | Militia |
| 40:51 | Investigar | Scale Mail Armor |
| 40:55 | Investigar | Forging |
| 41:03 | Investigar | Horse Collar |
| 41:06 | Investigar | Double-Bit Axe |
| 41:13 | Encolar | Knight |
| 41:22 | Investigar | Squires |
| 41:30 | Encolar | Militia |
| 41:31 | Encolar | Militia |
| 41:31 | Encolar | Militia |
Build order — DeMoTiX
Primeras 150 de 505 acciones detectadas
| 0:04 | Construir | House |
| 0:07 | Construir | House |
| 1:36 | Construir | Town Center |
| 1:54 | Construir | Dock |
| 4:01 | Encolar | Villager (Male) |
| 4:02 | Encolar | Villager (Male) |
| 4:02 | Encolar | Villager (Male) |
| 4:02 | Encolar | Villager (Male) |
| 4:02 | Encolar | Villager (Male) |
| 5:45 | Encolar | Fishing Ship |
| 5:47 | Encolar | Villager (Male) |
| 5:47 | Encolar | Villager (Male) |
| 6:29 | Encolar | Fishing Ship |
| 6:35 | Encolar | Villager (Male) |
| 6:35 | Encolar | Villager (Male) |
| 7:13 | Encolar | Villager (Male) |
| 7:13 | Encolar | Villager (Male) |
| 7:28 | Construir | House |
| 7:57 | Encolar | Villager (Male) |
| 7:58 | Encolar | Villager (Male) |
| 7:58 | Encolar | Villager (Male) |
| 8:30 | Encolar | Fishing Ship |
| 8:33 | Construir | House |
| 8:50 | Encolar | Villager (Male) |
| 9:00 | Encolar | Villager (Male) |
| 9:31 | Encolar | Fishing Ship |
| 9:59 | Encolar | Villager (Male) |
| 9:59 | Encolar | Villager (Male) |
| 10:15 | Encolar | Fishing Ship |
| 10:40 | Construir | Dock |
| 10:52 | Encolar | Fishing Ship |
| 10:58 | Encolar | Villager (Male) |
| 11:04 | Encolar | Villager (Male) |
| 11:19 | Encolar | Fishing Ship |
| 11:23 | Encolar | Fishing Ship |
| 11:37 | Construir | House |
| 11:45 | Construir | House |
| 11:51 | Encolar | Villager (Male) |
| 11:54 | Investigar | Loom |
| 11:55 | Encolar | Villager (Male) |
| 12:14 | Encolar | Fishing Ship |
| 12:14 | Encolar | Fishing Ship |
| 12:14 | Encolar | Fishing Ship |
| 12:23 | Encolar | Villager (Male) |
| 12:43 | Construir | Lumber Camp |
| 12:49 | Encolar | Fishing Ship |
| 12:49 | Encolar | Fishing Ship |
| 12:49 | Encolar | Fishing Ship |
| 13:02 | Construir | House |
| 13:12 | Encolar | Villager (Male) |
| 13:14 | Encolar | Villager (Male) |
| 13:33 | Encolar | Villager (Male) |
| 14:17 | Construir | Dock |
| 14:22 | Encolar | Fishing Ship |
| 14:23 | Encolar | Fishing Ship |
| 14:23 | Encolar | Fishing Ship |
| 14:25 | Encolar | Fishing Ship |
| 14:42 | Investigar | Feudal Age |
| 15:33 | Construir | Dock |
| 15:41 | Encolar | Fishing Ship |
| 15:42 | Encolar | Fishing Ship |
| 15:48 | Encolar | Villager (Male) |
| 16:12 | Construir | House |
| 16:26 | Construir | Barracks |
| 16:39 | Construir | House |
| 16:44 | Construir | House |
| 16:52 | Edad | Edad Feudal |
| 17:00 | Encolar | Villager (Male) |
| 17:19 | Construir | Palisade Wall |
| 17:26 | Construir | Blacksmith |
| 17:58 | Construir | Stable |
| 18:03 | Encolar | Villager (Male) |
| 18:32 | Investigar | Castle Age |
| 18:50 | Construir | House |
| 18:52 | Construir | House |
| 18:55 | Encolar | Villager (Male) |
| 19:07 | Encolar | Villager (Male) |
| 19:21 | Encolar | Scout Cavalry |
| 19:31 | Investigar | Double-Bit Axe |
| 19:37 | Construir | Mining Camp |
| 19:53 | Construir | Lumber Camp |
| 20:19 | Encolar | Villager (Male) |
| 20:28 | Investigar | Tech 906 |
| 20:29 | Encolar | Fishing Ship |
| 20:29 | Encolar | Fishing Ship |
| 20:30 | Encolar | Fishing Ship |
| 20:30 | Encolar | Fishing Ship |
| 20:37 | Construir | House |
| 20:40 | Construir | House |
| 20:42 | Construir | House |
| 20:53 | Construir | Mill |
| 21:12 | Edad | Edad de los Castillos |
| 21:21 | Encolar | Villager (Male) |
| 21:41 | Encolar | Knight |
| 21:47 | Investigar | Stone Mining |
| 21:55 | Investigar | Bow Saw |
| 22:14 | Construir | Dock |
| 22:20 | Encolar | Unit 2626 |
| 22:20 | Encolar | Fire Galley |
| 22:31 | Construir | House |
| 22:33 | Construir | House |
| 22:37 | Encolar | Villager (Male) |
| 22:37 | Encolar | Villager (Male) |
| 22:51 | Construir | Lumber Camp |
| 22:53 | Encolar | Villager (Male) |
| 23:14 | Encolar | Knight |
| 23:15 | Encolar | Knight |
| 23:15 | Encolar | Knight |
| 23:55 | Encolar | Unit 2626 |
| 23:56 | Encolar | Fire Galley |
| 24:04 | Encolar | Unit 2626 |
| 24:04 | Encolar | Fire Galley |
| 24:16 | Construir | Dock |
| 24:42 | Construir | Palisade Gate |
| 24:55 | Investigar | Wheelbarrow |
| 24:56 | Encolar | Villager (Male) |
| 24:56 | Encolar | Villager (Male) |
| 25:18 | Construir | Town Center |
| 25:21 | Encolar | Villager (Male) |
| 25:33 | Investigar | Husbandry |
| 25:35 | Encolar | Spearman |
| 25:35 | Encolar | Spearman |
| 25:36 | Encolar | Spearman |
| 26:03 | Construir | Castle |
| 26:10 | Construir | House |
| 26:11 | Construir | House |
| 26:18 | Encolar | Spearman |
| 26:39 | Investigar | Hand Cart |
| 26:43 | Encolar | Villager (Male) |
| 26:43 | Encolar | Villager (Male) |
| 26:43 | Encolar | Villager (Male) |
| 27:15 | Encolar | Unit 2626 |
| 27:15 | Encolar | Fire Galley |
| 27:31 | Construir | House |
| 27:37 | Investigar | Gold Mining |
| 27:42 | Encolar | Villager (Male) |
| 27:45 | Encolar | Spearman |
| 27:46 | Encolar | Spearman |
| 27:53 | Construir | House |
| 27:55 | Construir | House |
| 27:57 | Construir | House |
| 28:25 | Construir | House |
| 28:29 | Encolar | Villager (Male) |
| 28:31 | Encolar | Villager (Male) |
| 28:34 | Encolar | Knight |
| 28:34 | Encolar | Knight |
| 28:43 | Construir | Siege Workshop |
| 28:51 | Investigar | Man-at-Arms (upgrade) |
| 28:59 | Construir | Siege Workshop |
| 29:01 | Encolar | Villager (Male) |
Build order — felipegarcia92
Primeras 150 de 541 acciones detectadas
| 1:21 | Construir | Town Center |
| 2:30 | Construir | Dock |
| 3:34 | Encolar | Villager (Male) |
| 3:35 | Encolar | Villager (Male) |
| 3:35 | Encolar | Villager (Male) |
| 3:35 | Encolar | Villager (Male) |
| 3:35 | Encolar | Villager (Male) |
| 4:35 | Construir | House |
| 4:41 | Investigar | Loom |
| 4:42 | Encolar | Villager (Male) |
| 4:42 | Encolar | Villager (Male) |
| 4:42 | Encolar | Villager (Male) |
| 5:42 | Encolar | Villager (Male) |
| 5:42 | Encolar | Villager (Male) |
| 6:00 | Construir | House |
| 6:13 | Encolar | Villager (Male) |
| 6:13 | Encolar | Villager (Male) |
| 6:13 | Encolar | Villager (Male) |
| 6:13 | Encolar | Villager (Male) |
| 6:47 | Encolar | Villager (Male) |
| 6:47 | Encolar | Villager (Male) |
| 7:07 | Encolar | Villager (Male) |
| 7:42 | Construir | House |
| 8:21 | Construir | Mill |
| 8:28 | Encolar | Villager (Male) |
| 8:29 | Encolar | Villager (Male) |
| 8:29 | Encolar | Villager (Male) |
| 8:29 | Encolar | Villager (Male) |
| 9:18 | Encolar | Villager (Male) |
| 9:24 | Encolar | Villager (Male) |
| 9:24 | Encolar | Villager (Male) |
| 9:54 | Construir | House |
| 10:15 | Encolar | Villager (Male) |
| 10:15 | Encolar | Villager (Male) |
| 10:15 | Encolar | Villager (Male) |
| 10:16 | Encolar | Villager (Male) |
| 10:25 | Encolar | Fishing Ship |
| 10:40 | Construir | House |
| 11:17 | Encolar | Fishing Ship |
| 11:49 | Encolar | Villager (Male) |
| 11:49 | Encolar | Villager (Male) |
| 11:55 | Construir | Mining Camp |
| 12:23 | Encolar | Villager (Male) |
| 12:47 | Encolar | Villager (Male) |
| 13:25 | Construir | Barracks |
| 13:35 | Investigar | Feudal Age |
| 13:35 | Investigar | Feudal Age |
| 13:57 | Construir | Lumber Camp |
| 14:13 | Construir | House |
| 14:48 | Encolar | Fishing Ship |
| 15:40 | Construir | Mill |
| 15:43 | Encolar | Villager (Male) |
| 15:44 | Encolar | Villager (Male) |
| 15:44 | Encolar | Villager (Male) |
| 15:45 | Edad | Edad Feudal |
| 15:55 | Encolar | Militia |
| 15:55 | Encolar | Militia |
| 15:55 | Encolar | Militia |
| 15:56 | Encolar | Militia |
| 16:43 | Construir | Stable |
| 16:57 | Encolar | Villager (Male) |
| 16:57 | Encolar | Villager (Male) |
| 17:22 | Construir | Farm |
| 17:27 | Construir | Farm |
| 17:37 | Construir | House |
| 17:43 | Construir | House |
| 17:47 | Encolar | Villager (Male) |
| 17:58 | Investigar | Man-at-Arms (upgrade) |
| 18:02 | Encolar | Scout Cavalry |
| 18:02 | Encolar | Scout Cavalry |
| 18:10 | Construir | House |
| 18:12 | Construir | House |
| 18:13 | Construir | House |
| 18:25 | Encolar | Villager (Male) |
| 18:26 | Encolar | Villager (Male) |
| 18:30 | Construir | Farm |
| 18:38 | Encolar | Fishing Ship |
| 18:49 | Encolar | Militia |
| 18:49 | Encolar | Militia |
| 18:50 | Encolar | Militia |
| 19:12 | Encolar | Militia |
| 19:12 | Encolar | Militia |
| 19:13 | Encolar | Villager (Male) |
| 19:14 | Encolar | Villager (Male) |
| 19:17 | Construir | Farm |
| 19:19 | Construir | Farm |
| 19:45 | Construir | Farm |
| 20:02 | Construir | Blacksmith |
| 20:11 | Construir | House |
| 20:12 | Construir | House |
| 20:15 | Encolar | Militia |
| 20:16 | Encolar | Militia |
| 20:22 | Encolar | Villager (Male) |
| 20:27 | Construir | Farm |
| 20:50 | Construir | Lumber Camp |
| 21:01 | Encolar | Villager (Male) |
| 21:01 | Encolar | Villager (Male) |
| 21:07 | Construir | Farm |
| 21:17 | Encolar | Villager (Male) |
| 21:21 | Construir | Farm |
| 21:32 | Construir | Farm |
| 21:36 | Encolar | Militia |
| 21:36 | Encolar | Militia |
| 21:37 | Encolar | Militia |
| 21:39 | Encolar | Villager (Male) |
| 22:01 | Construir | House |
| 22:03 | Construir | House |
| 22:13 | Construir | Farm |
| 22:22 | Construir | Farm |
| 22:24 | Encolar | Militia |
| 22:36 | Construir | Donjon |
| 22:54 | Investigar | Scale Mail Armor |
| 23:12 | Encolar | Villager (Male) |
| 23:12 | Encolar | Villager (Male) |
| 23:28 | Construir | Farm |
| 23:28 | Construir | Farm |
| 23:29 | Construir | Farm |
| 23:29 | Construir | Farm |
| 23:37 | Construir | House |
| 23:38 | Construir | House |
| 23:38 | Construir | House |
| 23:38 | Construir | House |
| 23:38 | Construir | House |
| 23:39 | Construir | House |
| 23:45 | Encolar | Serjeant |
| 23:45 | Encolar | Serjeant |
| 23:45 | Encolar | Serjeant |
| 23:46 | Encolar | Serjeant |
| 23:46 | Encolar | Serjeant |
| 23:47 | Encolar | Militia |
| 23:47 | Encolar | Militia |
| 24:04 | Investigar | Forging |
| 24:13 | Encolar | Spearman |
| 24:13 | Encolar | Spearman |
| 24:14 | Encolar | Spearman |
| 24:18 | Encolar | Villager (Male) |
| 24:19 | Encolar | Villager (Male) |
| 25:09 | Encolar | Villager (Male) |
| 25:10 | Encolar | Villager (Male) |
| 25:17 | Construir | Farm |
| 25:20 | Investigar | Gold Mining |
| 25:22 | Investigar | Horse Collar |
| 25:27 | Investigar | Double-Bit Axe |
| 25:30 | Encolar | Villager (Male) |
| 25:44 | Encolar | Villager (Male) |
| 25:47 | Construir | Farm |
| 25:52 | Construir | Lumber Camp |
| 26:15 | Encolar | Serjeant |
| 26:16 | Encolar | Serjeant |
| 26:16 | Encolar | Serjeant |
Cronología de la partida
| 1:54 | DeMoTiX · first_building Dock |
| 2:30 | felipegarcia92 · first_building Dock |
| 3:14 | LuizCz · first_building Dock |
| 3:24 | GuilleLeopold17 · first_building Dock |
| 4:32 | juanibitel · first_building Dock |
| 8:10 | LuizCz · wall_segment Palisade Wall x1 |
| 8:48 | LuizCz · wall_segment Palisade Wall x6 |
| 8:53 | vitavidal91 · first_building Dock |
| 8:53 | LuizCz · wall_segment Palisade Wall x6 |
| 10:13 | ElMelvin49 · wall_segment Palisade Wall x9 |
| 10:23 | LuizCz · wall_segment Palisade Wall x2 |
| 11:27 | ElMelvin49 · first_building Barracks |
| 11:47 | GuilleLeopold17 · first_building Barracks |
| 12:09 | LuizCz · wall_segment Palisade Wall x13 |
| 12:11 | ElMelvin49 · first_building Dock |
| 12:13 | LuizCz · wall_segment Palisade Wall x7 |
| 13:25 | felipegarcia92 · first_building Barracks |
| 13:43 | tatomagallanes · first_building Barracks |
| 14:50 | tatomagallanes · age_up feudal |
| 14:51 | ElMelvin49 · age_up feudal |
| 14:56 | tatomagallanes · first_building Stable |
| 15:01 | ElMelvin49 · first_building Stable |
| 15:37 | GuilleLeopold17 · age_up feudal |
| 15:45 | felipegarcia92 · age_up feudal |
| 16:11 | ElMelvin49 · wall_segment Stone Wall x3 |
| 16:19 | vitavidal91 · first_building Barracks |
| 16:26 | DeMoTiX · first_building Barracks |
| 16:43 | felipegarcia92 · first_building Stable |
| 16:45 | juanibitel · first_building Barracks |
| 16:52 | DeMoTiX · age_up feudal |
| 16:53 | juanibitel · age_up feudal |
| 17:19 | DeMoTiX · wall_segment Palisade Wall x1 |
| 17:50 | vitavidal91 · age_up feudal |
| 17:57 | LuizCz · age_up feudal |
| 17:58 | DeMoTiX · first_building Stable |
| 18:09 | vitavidal91 · first_building Archery Range |
| 18:40 | LuizCz · first_building Barracks |
| 19:50 | vitavidal91 · wall_segment Stone Wall x4 |
| 19:55 | vitavidal91 · wall_segment Stone Wall x5 |
| 19:56 | ElMelvin49 · wall_segment Palisade Wall x7 |
| 20:01 | tatomagallanes · age_up castle |
| 20:18 | LuizCz · wall_segment Palisade Wall x9 |
| 21:11 | juanibitel · wall_segment Stone Wall x11 |
| 21:12 | DeMoTiX · age_up castle |
| 21:31 | LuizCz · first_building Archery Range |
| 21:46 | juanibitel · wall_segment Stone Wall x10 |
| 21:55 | ElMelvin49 · age_up castle |
| 22:36 | felipegarcia92 · first_building Donjon |
| 23:00 | LuizCz · wall_segment Palisade Wall x4 |
| 23:31 | juanibitel · first_market_sell 100 wood |
| 24:28 | LuizCz · wall_segment Palisade Wall x1 |
| 24:51 | LuizCz · age_up castle |
| 25:50 | juanibitel · first_market_buy 100 stone |
| 26:03 | DeMoTiX · first_building Castle |
| 26:12 | juanibitel · age_up castle |
| 27:33 | vitavidal91 · age_up castle |
| 27:41 | ElMelvin49 · first_building Castle |
| 28:22 | LuizCz · first_building Siege Workshop |
| 28:37 | GuilleLeopold17 · first_building Archery Range |
| 28:43 | DeMoTiX · first_building Siege Workshop |
| 29:30 | GuilleLeopold17 · age_up castle |
| 29:35 | GuilleLeopold17 · first_building Siege Workshop |
| 32:13 | vitavidal91 · first_market_sell 100 wood |
| 32:57 | felipegarcia92 · age_up castle |
| 34:24 | juanibitel · first_building Castle |
| 34:52 | felipegarcia92 · first_building Castle |
| 36:01 | vitavidal91 · first_building Siege Workshop |
| 36:03 | ElMelvin49 · first_building Archery Range |
| 36:18 | LuizCz · first_market_sell 500 wood |
| 37:27 | felipegarcia92 · first_building Archery Range |
| 39:38 | LuizCz · age_up imperial |
| 40:44 | ElMelvin49 · age_up imperial |
| 41:19 | GuilleLeopold17 · first_building Castle |
| 42:30 | DeMoTiX · age_up imperial |
| 43:11 | vitavidal91 · age_up imperial |
| 45:45 | GuilleLeopold17 · first_building Monastery |
| 46:11 | vitavidal91 · first_building Castle |
| 46:19 | felipegarcia92 · first_building Monastery |
| 48:34 | tatomagallanes · first_building Castle |
| 49:17 | ElMelvin49 · first_building Siege Workshop |
| 50:25 | GuilleLeopold17 · tribute_sent a jugador 1 |
| 50:25 | GuilleLeopold17 · tribute_sent a jugador 2 |
| 50:25 | GuilleLeopold17 · tribute_sent a jugador 3 |
| 50:25 | GuilleLeopold17 · tribute_sent a jugador 5 |
| 50:25 | GuilleLeopold17 · tribute_sent a jugador 6 |
| 50:25 | GuilleLeopold17 · tribute_sent a jugador 7 |
| 50:25 | GuilleLeopold17 · tribute_sent a jugador 8 |
| 50:50 | LuizCz · first_building Castle |
| 51:30 | GuilleLeopold17 · age_up imperial |
| 52:58 | tatomagallanes · age_up imperial |
| 53:33 | felipegarcia92 · age_up imperial |
| 53:38 | ElMelvin49 · resign |
| 54:35 | GuilleLeopold17 · first_market_sell 500 stone |
| 54:39 | GuilleLeopold17 · first_market_buy 100 food |
| 56:44 | juanibitel · age_up imperial |
| 56:49 | felipegarcia92 · first_market_sell 500 wood |
[ ANÁLISIS IA · 1 CRÉDITO ]
¿Qué pasó realmente en esta partida?
Wolo.gg analiza cada decisión: build order, eco, micro, errores típicos por bracket. Análisis personalizado por WhatsApp o Discord en 30 segundos.
Guía civ
Britanos
Perfil
Jugador #25887399